 Dungeon Crawl Stone Soup version 0.23-a0-550-g7de1f8e (webtiles) character file.

234 Lanoc the Ducker (level 6, -1/53 HPs)
             Began as a Gnoll Monk on Dec 9, 2018.
             Was an Initiate of Gozag.
             Killed from afar by Natasha (6 damage)
             ... with a magic dart
             ... on level 3 of the Dungeon.
             The game lasted 00:06:08 (2927 turns).

Lanoc the Ducker (Gnoll Monk)                       Turns: 2927, Time: 00:06:08

Health: -1/53      AC:  2    Str: 15    XL:     6   Next: 5%
Magic:  8/8        EV: 15    Int: 12    God:    Gozag
Gold:   270        SH:  0    Dex: 18    Spells: 8/8 levels left

rFire    . . .     SeeInvis .   a - +0 falchion
rCold    . . .     Gourm    .   (no shield)
rNeg     . . .     Faith    .   b - +0 robe
rPois    .         Spirit   .   (no helmet)
rElec    .         Reflect  .   (no cloak)
rCorr    .         Harm     .   (no gloves)
MR       .....                  (no boots)
Stlth    +++.......             (no amulet)
HPRegen  0.17/turn              l - ring of stealth
MPRegen  0.11/turn              (no ring)

@: gold aura, very slightly contaminated, heavily drained, invisible
A: distributed training, fangs 1, strong nose
a: Potion Petition, Call Merchant, Bribe Branch, Renounce Religion


You were on level 3 of the Dungeon.
You worshipped Gozag.
Gozag was aware of your devotion.
You were hungry.

You visited 1 branch of the dungeon, and saw 3 of its levels.

You collected 270 gold pieces.

Inventory:

Hand Weapons
 a - a +0 falchion (weapon)
Missiles
 i - 44 arrows
 k - 31 bolts
Armour
 b - a +0 robe (worn)
Jewellery
 l - a ring of stealth (left hand)
Scrolls
 d - 2 scrolls of enchant weapon {unknown}
 f - 5 scrolls of identify {unknown}
 g - a scroll of fog {unknown}
 h - 2 scrolls of teleportation {unknown}
 m - a scroll of random uselessness {unknown}
 o - a scroll of immolation {unknown}
 q - 2 scrolls of remove curse {unknown}
 s - a scroll of fear {unknown}
Potions
 e - 2 potions of curing
 p - 2 potions of agility {unknown}
 r - a potion of degeneration {unknown}
 t - a potion of magic {unknown}
Comestibles
 c - 5 rations


   Skills:
 + Level 6.7(4.6) Fighting
 + Level 1.7(0.0) Short Blades
 + Level 6.7(4.6) Long Blades
 + Level 1.7(0.0) Axes
 + Level 1.7(0.0) Maces & Flails
 + Level 1.7(0.0) Polearms
 + Level 1.7(0.0) Staves
 + Level 1.7(0.0) Slings
 + Level 1.7(0.0) Bows
 + Level 1.7(0.0) Crossbows
 + Level 1.7(0.0) Throwing
 + Level 1.7(0.0) Armour
 + Level 6.7(4.6) Dodging
 + Level 4.5(2.4) Stealth
 + Level 1.7(0.0) Shields
 + Level 1.7(0.0) Unarmed Combat
 + Level 1.7(0.0) Spellcasting
 + Level 1.3(0.0) Conjurations
 + Level 1.3(0.0) Hexes
 + Level 1.3(0.0) Charms
 + Level 1.3(0.0) Summonings
 + Level 1.3(0.0) Necromancy
 + Level 1.3(0.0) Translocations
 + Level 1.3(0.0) Transmutations
 + Level 1.3(0.0) Fire Magic
 + Level 1.3(0.0) Ice Magic
 + Level 1.3(0.0) Air Magic
 + Level 1.3(0.0) Earth Magic
 + Level 1.3(0.0) Poison Magic
 + Level 1.9(0.0) Invocations
 + Level 1.7(0.0) Evocations


You had 8 spell levels left.
You didn't know any spells.
Your spell library was empty.

Dungeon Overview and Level Annotations

Branches:
Dungeon (3/15)

Altars:
Gozag
Ru

Annotations:
D:3 Jessica, Natasha


Innate Abilities, Weirdness & Mutations

Your experience applies equally to all skills.
You have very sharp teeth.
Your uncanny sense of smell can sniff out nearby items.


Message History

Jessica is heavily wounded.
The shadow imp hits you. The crimson imp misses you. Natasha claws you!
* * * LOW HITPOINT WARNING * * *
It was a potion of invisibility.
You fade into invisibility!
Jessica gestures at you while chanting. Pain shoots through your body!
* * * LOW HITPOINT WARNING * * *
The crimson imp misses you. Natasha closely misses you.
You are very lightly contaminated with residual magic.
You closely miss Natasha. Your bite misses Natasha.
Natasha is moderately wounded.
Jessica becomes distracted by the nearby gold, dreaming of imaginary riches.
The shadow imp hits you.
* * * LOW HITPOINT WARNING * * *
The shadow imp closely misses you.
Natasha stares at you and mumbles some strange words.
The magic dart hits you!
You die...
Your body crumbles into a pile of gold.

#.# #..#......
#.....##[# #......_..
#.....##.# #.##......
#.....##.# #.##.8...8
#.....##.# #.###...(.
#.....##.# #...###.##
#.....##.#########...#
#..5h@##.#.....)....(#
#....@##.##.#......#.#
#[..55$.?.# #..8...#.#
##........# #.8_8.##..
#.....).!# #..8..###.
#....[...# #.........
#######.## #####.....
#.# #..... #.# #.....
.# ######


You could see Natasha, a crimson imp, 2 shadow imps and Jessica (unaware).

Vanquished Creatures
  An orc wizard (D:3)
  Natasha (D:3)
  Robin (D:3)
  3 adders
  3 oozes
  3 worms
  2 dart slugs (D:1)
  A leopard gecko (D:1)
  12 orcs (D:3)
  8 giant cockroaches
  15 goblins
  9 hobgoblins
  6 jackals
  A ball python (D:3)
  7 bats
  4 frilled lizards
  13 kobolds
  9 rats
99 creatures vanquished.

Notes
Turn   | Place    | Note
-------+----------+-------------------------------------------
     0 | D:1      | Lanoc the Gnoll Monk began the quest for the Orb.
     0 | D:1      | Reached XP level 1. HP: 23/23 MP: 1/1
   153 | D:1      | Reached XP level 2. HP: 28/29 MP: 2/2
   234 | D:1      | Reached XP level 3. HP: 8/35 MP: 3/3
   474 | D:1      | Reached skill level 1 in Invocations
   926 | D:1      | Reached skill level 1 in Short Blades
   926 | D:1      | Reached skill level 1 in Axes
   926 | D:1      | Reached skill level 1 in Maces & Flails
   926 | D:1      | Reached skill level 1 in Polearms
   926 | D:1      | Reached skill level 1 in Staves
   926 | D:1      | Reached skill level 1 in Slings
   926 | D:1      | Reached skill level 1 in Bows
   926 | D:1      | Reached skill level 1 in Crossbows
   926 | D:1      | Reached skill level 1 in Throwing
   926 | D:1      | Reached skill level 1 in Armour
   926 | D:1      | Reached skill level 1 in Shields
   926 | D:1      | Reached skill level 1 in Unarmed Combat
   926 | D:1      | Reached skill level 1 in Spellcasting
   926 | D:1      | Reached skill level 1 in Evocations
  1076 | D:2      | Reached XP level 4. HP: 41/41 MP: 5/5
  1353 | D:2      | Found a sacrificial altar of Ru.
  1450 | D:2      | Reached skill level 1 in Conjurations
  1450 | D:2      | Reached skill level 1 in Hexes
  1450 | D:2      | Reached skill level 1 in Charms
  1450 | D:2      | Reached skill level 1 in Summonings
  1450 | D:2      | Reached skill level 1 in Necromancy
  1450 | D:2      | Reached skill level 1 in Translocations
  1450 | D:2      | Reached skill level 1 in Transmutations
  1450 | D:2      | Reached skill level 1 in Fire Magic
  1450 | D:2      | Reached skill level 1 in Ice Magic
  1450 | D:2      | Reached skill level 1 in Air Magic
  1450 | D:2      | Reached skill level 1 in Earth Magic
  1450 | D:2      | Reached skill level 1 in Poison Magic
  1777 | D:3      | Reached XP level 5. HP: 20/47 MP: 6/6
  2348 | D:3      | Noticed Natasha
  2470 | D:3      | Killed Natasha
  2485 | D:3      | Found an opulent altar of Gozag.
  2541 | D:3      | Found a faded altar of an unknown god.
  2558 | D:3      | Became a worshipper of Gozag Ym Sagoz the Greedy
  2580 | D:3      | Noticed Robin
  2605 | D:3      | Killed Robin
  2608 | D:3      | Reached XP level 6. HP: 17/53 MP: 8/8
  2915 | D:3      | Noticed Natasha
  2918 | D:3      | Noticed Jessica
  2927 | D:3      | Killed from afar by Natasha

Vault maps used:
D:1:      psy_arrival_radial02, minmay_vboxes
D:2:      roderic_st_hans_cross, nicolae_ru_path_of_blood
D:3:      grunt_gozag_statues, chequers_ecumenical_altar_simple, uniq_natasha,
          uniq_robin, uniq_jessica

Skill      XL: |  1  2  3  4 |
---------------+-------------+-----
Invocations    | 1 |  1.9
Short Blades   | 1 |  1.7
Axes           | 1 |  1.7
Maces & Flails | 1 |  1.7
Polearms       | 1 |  1.7
Staves         | 1 |  1.7
Slings         | 1 |  1.7
Bows           | 1 |  1.7
Crossbows      | 1 |  1.7
Throwing       | 1 |  1.7
Armour         | 1 |  1.7
Shields        | 1 |  1.7
Unarmed Combat | 1 |  1.7
Spellcasting   | 1 |  1.7
Evocations     | 1 |  1.7
Conjurations   | 1 |  1.3
Hexes          | 1 |  1.3
Charms         | 1 |  1.3
Summonings     | 1 |  1.3
Necromancy     | 1 |  1.3
Translocations | 1 |  1.3
Transmutations | 1 |  1.3
Fire Magic     | 1 |  1.3
Ice Magic      | 1 |  1.3
Air Magic      | 1 |  1.3
Earth Magic    | 1 |  1.3
Poison Magic   | 1 |  1.3
Fighting       | |  6.7
Long Blades    | |  6.7
Dodging        | |  6.7
Stealth        | |  4.5

Action                   |  1- 3 |  4- 6 || total
-------------------------+-------+-------++-------
Melee: Falchion          |    98 |   194 ||   292
       Bite              |    18 |    38 ||    56
       Punch             |     2 |       ||     2
  Use: Potion            |       |     3 ||     3
 Stab: Sleeping          |     4 |    10 ||    14
  Eat: Chunk             |       |     6 ||     6
Armor: Robe              |    19 |    13 ||    32
Dodge: Dodged            |    92 |   165 ||   257
       Rpst.: Falchion   |    28 |    58 ||    86

Table legend:
 A = Non-vault XP
 B = Vault XP
 C = Vault XP percentage of total XP
 D = Non-vault monster count
 E = Vault monster count
 F = Vault count percentage of total count
                 A         B        C        D         E       F
            +---------+---------+-------+---------+---------+-------
      Total |     258 |      77 |  23.0 |      84 |      15 |  15.2
            +---------+---------+-------+---------+---------+-------
        D:1 |      62 |      16 |  20.5 |      32 |       7 |  17.9
        D:2 |      76 |       0 |   0.0 |      23 |       0 |   0.0
        D:3 |     120 |      61 |  33.7 |      29 |       8 |  21.6
            +---------+---------+-------+---------+---------+-------
